 Dungeon Crawl Stone Soup version 0.31-a0-654-gbe3e110b4e (webtiles) character file.

Game seed: 6160267771977537123

44 Dittersdorf the Shield-Bearer (level 3, -2/24 HPs)
             Began as a Gargoyle Fighter on Aug 29, 2023.
             Killed from afar by Natasha (6 damage)
             ... with a puff of flame
             ... on level 2 of the Dungeon.
             The game lasted 00:00:54 (756 turns).

Dittersdorf the Shield-Bearer (Gargoyle Fighter)     Turns: 756, Time: 00:00:54

Health: -2/24      AC: 10    Str: 21    XL:     3   Next: 62%
Magic:  3/3        EV:  9    Int:  8    God:
Gold:   28         SH:  4    Dex:  9    Spells: 2/2 levels left

rFire   . . .        a - +0 flail
rCold   . . .        c - +0 buckler
rNeg    + . .        b - +0 scale mail
rPois   ∞            (no helmet)
rElec   +            (no cloak)
rCorr   .            (no gloves)
SInv    .            (no boots)
Will    .....        (no amulet) Stlth
                     (no ring)
HPRegen 0.24/turn    (no ring)
MPRegen 0.08/turn

%: no passive effects
@: no status effects
A: sickness immunity, AC +3, negative energy resistance 1, electricity
resistance, torment resistance 1, petrification resistance
a: no special abilities


You were on level 2 of the Dungeon.
You visited 1 branch of the dungeon, and saw 2 of its levels.

You collected 28 gold pieces.

Inventory:

Hand Weapons
 a - a +0 flail (weapon)
Missiles
 j - 6 poisoned darts (quivered)
Armour
 b - a +0 scale mail (worn)
 c - a +0 buckler (worn)
Scrolls
 f - a scroll of fog {unknown}
 g - 2 scrolls of identify {unknown}
 i - a scroll of fear {unknown}
 k - a scroll of poison {unknown}
 l - a scroll of teleportation {unknown}
Potions
 d - 3 potions of might
 e - a potion of cancellation {unknown}
 h - a potion of attraction {unknown}


   Skills:
 + Level 3.7 Fighting
 + Level 2.6 Maces & Flails
 + Level 3.7 Armour
 + Level 3.7 Shields


You had 2 spell levels left.
You didn't know any spells.
Your spell library contained the following spells:

 Spells                   Type           Power      Damage    Failure   Level
 Magic Dart               Conj           0%         1d3       82%         1
 Blink                    Tloc           0%         N/A       91%         2
 Lesser Beckoning         Tloc           0%         N/A       91%         2
 Momentum Strike          Conj/Tloc      0%         3d8       91%         2
 Searing Ray              Conj           0%         2d4       91%         2
 Fulminant Prism          Conj/Hex       0%         3d5       100%        4


Dungeon Overview and Level Annotations

Branches:
Dungeon (2/15)

Altars:

Annotations:
D:2 Jessica, Natasha


Innate Abilities, Weirdness & Mutations

You are immune to sickness and miasma.
Your stone body is resilient. (AC +3)
You are immune to poison.
You resist negative energy. (rN+)
You are resistant to electric shocks. (rElec)
You are resistant to unholy torment.
You are immune to petrification.


Message History

The ball python constricts you.
Jessica the Apprentice Sorceress comes into view.
She is wielding a +7 spectral club.
Jessica shouts!
You sock the ball python!
You kill the ball python!
Natasha, Servant of Life and Death comes into view.
She is carrying a wand of flame.
You see here a ball python corpse.
You miss the frilled lizard.
Natasha hisses angrily.
The frilled lizard bites you but does no damage.
You barely miss the frilled lizard. The frilled lizard bites you.
You block the frilled lizard's attack.
Jessica casts a spell.
Jessica blinks!
You barely miss Natasha.
Natasha growls.
Natasha stares at you and mumbles some strange words.
The magic dart hits you but does no damage.
The frilled lizard bites you but does no damage.
Natasha mumbles some strange words.
You closely miss the cerulean imp.
Jessica grins evilly.
The frilled lizard barely misses you. Natasha barely misses you.
The cerulean imp closely misses you.
You hit the cerulean imp.
The cerulean imp is moderately wounded.
A bat comes into view.
The frilled lizard barely misses you.
Natasha zaps a wand.
The puff of flame hits you!
The cerulean imp hits you but does no damage.
The frilled lizard bites you but does no damage.
The bat moves out of view.
You sock the cerulean imp!
The cerulean imp is severely wounded.
Natasha zaps a wand.
The puff of flame hits you!
* * * LOW HITPOINT WARNING * * *
You block the cerulean imp's attack. The frilled lizard barely misses you.
Natasha zaps a wand.
The puff of flame hits you.
You die...
Natasha curls up and begins to purr.

#.#.# #.#.# # #.#.#
.. ###... ..# ....
.... . #.#####....#
..######...........
...........@l......
...........5h......
........#..####....
...#####.#..#...<...
................. .
.#.#####....#..#
#.......#
#####....##.# ..
..........##.#.#...#.


You could see Natasha, a cerulean imp (summoned) and a frilled lizard.

Vanquished Creatures
  2 dart slugs (D:1)
  2 ball pythons
  5 endoplasms
  A goblin (D:2)
  5 hobgoblins (D:1)
  3 jackals (D:1)
  4 kobolds (D:1)
  4 quokkas (D:1)
  5 bats (D:1)
  A frilled lizard (D:1)
  A rat (D:1)
33 creatures vanquished.

Notes
Turn   | Place    | Note
-------+----------+-------------------------------------------
     0 | D:1      | Dittersdorf the Gargoyle Fighter began the quest for the
                  | Orb.
     0 | D:1      | Reached XP level 1. HP: 14/14 MP: 1/1
    57 | D:1      | Reached XP level 2. HP: 14/19 MP: 2/2
   313 | D:1      | Reached XP level 3. HP: 23/23 MP: 3/3
   748 | D:2      | Noticed Jessica
   750 | D:2      | Noticed Natasha
   756 | D:2      | Killed from afar by Natasha

Illustrated notes

Levels and vault maps discovered:
D:1:      saegor_arrival_simple_a, layout_rooms, minmay_bisected
D:2:      layout_basic, basic_altar, minmay_misc_feat_chi, uniq_jessica,
          uniq_natasha

Action                     || total
---------------------------++-------
  Melee: Flail             ||   109
 Armour: Scale mail        ||    60
  Dodge: Dodged            ||    62
  Block: Buckler           ||    28

Table legend: (Time is in decaauts)
 A = Elapsed time spent in this place.
 B = Non-inter-level travel time spent in this place.
 C = Inter-level travel time spent in this place.
 D = Time resting spent in this place.
 E = Time spent auto-exploring this place.
 F = Levels seen in this place.
 G = Mean time per level.
                   A        B        C        D        E       F      G
               +--------+--------+--------+--------+--------+-----+--------+
         Total |    790 |    781 |      9 |      0 |    552 |   2 |  395.0 |
       Dungeon |    790 |    781 |      9 |      0 |    552 |   2 |  395.0 |
               +--------+--------+--------+--------+--------+-----+--------+

Top non-repeatable levels by time:
     D:1: 693 daAuts
     D:2: 96 daAuts
